Map: Lerilak Crest

Players

Enzo

  • Race: Terran Terran

Novawulfen - Winner!

  • Race: Terran Terran
  • League: Gold

VOD

Have the link to the VOD?

Description

Time

  • Played on: Nov. 15, 2015, 7:55 a.m.
  • Length: 14:58
Show
View Real Time Build Order
Export as new Build Order

Enzo Terran 

Build Orders: MMM Bio 

Get SALT Encoding   

  12  0:00  SCV  
  13  0:12  SCV  
  14  0:19  Supply Depot  
  14  0:26  SCV  
  15  0:41  SCV  
  16  0:46  Barracks  
  16  0:50  Refinery  
  16  0:55  SCV  
  17  1:07  SCV  
  17  1:10  Barracks  
  18  1:19  SCV  
  19  1:28  Barracks  
  19  1:32  SCV  
  20  1:36  Marine  
  21  1:47  Supply Depot, SCV  
  22  2:08  Marine  
  23  2:09  Barracks Reactor  
  23  2:10  SCV  
  24  2:16  Barracks Tech Lab  
  24  2:22  Engineering Bay  
  24  2:24  Supply Depot  
  24  2:31  Marine  
  25  2:38  Marauder  
  25  2:43  Stimpack  
  26  2:46  Marine  
  26  2:47  Marine  
  26  2:49  Marine  
  29  2:59  Orbital Command  
  29  3:15  Barracks Tech Lab  
  29  3:27  Refinery  
  29  3:31  Command Center  
  29  3:35  SCV  
  29  3:36  Marine  
  30  3:41  Marine  
  30  3:44  Combat Shields  
  30  3:47  Marine  
  32  3:57  Marine x2  
  32  4:01  Marine  
  35  4:04  Marine  
  35  4:05  SCV  
  37  4:10  Supply Depot  
  37  4:15  Marauder  
  39  4:31  Marine x2  
  39  4:32  SCV, Supply Depot  
  39  4:37  Factory, Marine  
  39  4:38  Marine  
  43  4:44  SCV  
  45  4:46  SCV  
  46  4:56  SCV  
  46  4:59  Missile Turret, Marine x2  
  49  5:01  Concussive Shells  
  49  5:05  Terran Infantry Weapons Level 1  
  49  5:08  SCV  
  49  5:13  Orbital Command  
  50  5:20  SCV  
  51  5:24  Marine x2  
  51  5:25  Factory Tech Lab  
  53  5:33  SCV  
  54  5:38  Marine  
  54  5:39  Marauder  
  54  5:40  Supply Depot  
  57  5:45  SCV, Siege Tank  
  61  5:57  Marine x2  
  61  5:58  Marauder  
  61  6:01  Missile Turret  
  65  6:13  SCV  
  65  6:14  SCV  
  67  6:20  Refinery  
  67  6:25  SCV, Supply Depot  
  68  6:26  SCV  
  68  6:27  Supply Depot  
  68  6:29  Refinery  
  69  6:37  SCV  
  69  6:38  SCV, Marine  
  69  6:39  Marauder, Starport, Marine x2  
  76  6:50  Supply Depot, Siege Tank  
  79  6:56  SCV x2  
  81  7:01  Marine x3  
  84  7:15  Terran Infantry Armor Level 1  
  84  7:17  Medivac  
  84  7:20  Supply Depot  
  86  7:36  Marine x2  
  87  7:37  Marine x2  
  90  7:47  Medivac  
  92  7:55  Marauder  
  92  7:57  Siege Tank, Marine  
  92  7:58  Marine  
  99  7:59  Marine  
  99  8:00  Barracks  
  99  8:02  Supply Depot  
  99  8:04  SCV x2, Barracks  
  102  8:16  SCV  
  102  8:17  Marauder  
  102  8:18  SCV  
  106  8:20  Supply Depot, Marauder, Marine  
  106  8:22  Supply Depot  
  106  8:23  Starport Reactor  
  109  8:28  SCV  
  110  8:38  Marauder  
  110  8:39  Armory  
  112  8:45  Supply Depot, Engineering Bay  
  112  8:46  Siege Tank, Marine x2  
  112  8:48  Marauder  
  119  8:49  Barracks Tech Lab  
  119  9:16  Command Center  
  119  9:18  Supply Depot  
  119  9:32  Medivac x2  
  119  9:33  Marine x4  
  119  9:34  Marauder  
  119  9:37  Missile Turret  
  129  9:39  Missile Turret x2  
  129  9:49  Marine  
  129  9:50  Marine  
  129  9:52  Marauder  
  133  10:01  Marine  
  133  10:02  Marine x2  
  136  10:07  Marine  
  136  10:13  Marauder  
  136  10:23  Marine  
  136  10:24  Marine x2  
  136  10:25  Marauder  
  136  10:27  Marine  
  142  10:28  Medivac  
  142  10:34  Marine  
  145  10:41  Marine  
  145  10:42  Marine x2  
  148  10:46  Marauder x2  
  121  11:04  Marine x4  
  82  11:07  Marauder x2  
  73  11:21  Marine  
  73  11:22  Marauder, Marine  
  72  11:30  SCV x2  
  72  11:31  SCV  
  71  11:34  Supply Depot  
  71  11:35  Siege Tank  
  71  11:36  Medivac  
  71  11:37  Marine, Medivac  
  71  11:38  Marine  
  71  11:39  Marauder  
  82  11:42  SCV  
  82  11:43  SCV  
  82  11:44  Marauder  
  86  11:51  Marine x2  
  88  11:55  Marine  
  88  11:56  Marauder  
  88  11:58  SCV x2  
  88  11:59  SCV  
  88  12:00  Marine  
  95  12:07  Siege Tank  
  98  12:13  SCV  
  98  12:14  SCV x2, Marine x3  
  98  12:15  Marine  
  105  12:25  Marine x2  
  107  12:32  Marine x2  
  107  12:33  SCV, Marauder  
  107  12:34  SCV x2  
  114  12:43  Marauder  
  116  12:48  Barracks x2, Marine x2  
  116  12:50  Marine  
  119  12:53  Siege Tank  
  119  12:55  Marauder  
  124  13:05  Marine x2  
  126  13:06  Marauder  
  128  13:13  Factory  
  128  13:17  Factory  
  128  13:26  Marine  
  128  13:27  Marauder, Marine x2  
  129  13:28  Marine, Marauder  
  129  13:33  Viking  
  138  14:08  Marine x4  
  138  14:09  Marauder, Marine x3  
  147  14:16  Factory Tech Lab x2  
  147  14:27  Marauder, Marine x3  
  147  14:28  Marauder, Marine x2  
  147  14:31  Marauder  
  158  14:41  Command Center  
Show
View Real Time Build Order
Export as new Build Order

Novawulfen Terran - Winner!

Build Orders: Reaper Expand 

Get SALT Encoding   

  12  0:00  SCV  
  13  0:13  SCV  
  14  0:20  Supply Depot  
  14  0:25  SCV  
  15  0:41  SCV  
  16  0:42  Barracks  
  16  0:46  Refinery  
  16  0:53  SCV  
  17  1:05  SCV  
  18  1:19  SCV  
  19  1:29  Reaper  
  19  1:31  Orbital Command  
  20  1:55  Refinery  
  20  1:56  SCV  
  20  1:58  Command Center  
  21  2:09  SCV  
  21  2:14  Barracks Tech Lab  
  22  2:18  Factory  
  22  2:21  SCV  
  23  2:47  Marine  
  23  3:04  Barracks  
  23  3:06  Barracks  
  23  3:09  SCV  
  25  3:13  Bunker  
  24  3:21  SCV, Siege Tank  
  24  3:23  Supply Depot x2  
  28  3:30  Orbital Command  
  28  3:33  SCV  
  29  3:41  Barracks Reactor  
  29  3:45  SCV  
  30  3:56  Siege Tank  
  30  4:00  Barracks Tech Lab  
  33  4:08  SCV x2  
  35  4:17  Marine  
  35  4:18  Marine  
  35  4:19  Barracks Reactor  
  37  4:25  Engineering Bay  
  37  4:28  Engineering Bay  
  37  4:31  Supply Depot, SCV x2  
  38  4:32  Marine  
  38  4:33  Supply Depot  
  40  4:38  Marine  
  40  4:39  Refinery, Marine  
  40  4:43  SCV x2  
  44  4:52  Marine  
  45  4:53  Siege Tank  
  45  4:56  Marine  
  49  5:05  SCV  
  49  5:06  SCV, Starport  
  51  5:08  Marine x3  
  51  5:10  Marine  
  55  5:14  Marine  
  56  5:21  SCV  
  56  5:23  SCV  
  58  5:29  Marine x3  
  58  5:32  Stimpack  
  61  5:36  Refinery  
  61  5:37  Command Center  
  61  5:38  Terran Infantry Weapons Level 1  
  61  5:43  SCV x2  
  61  5:44  Marine x2  
  65  5:55  Marine  
  65  5:56  Marine x2  
  68  6:02  Supply Depot, Marine  
  69  6:06  SCV, Supply Depot  
  70  6:23  Siege Tank, Marine x5  
  78  6:31  Terran Infantry Armor Level 1  
  78  6:33  Supply Depot  
  78  6:36  SCV x2  
  78  6:37  Supply Depot  
  78  6:39  Starport Reactor  
  80  6:41  Marine x3  
  80  6:42  Marine x2  
  85  6:48  SCV  
  85  6:49  SCV  
  87  6:57  Siege Tank  
  87  6:58  Supply Depot  
  87  6:59  Supply Depot  
  90  7:04  SCV  
  90  7:06  Armory  
  91  7:10  Orbital Command  
  91  7:12  SCV  
  92  7:17  Marine x4  
  92  7:22  Medivac  
  98  7:24  Medivac  
  100  7:30  Supply Depot  
  100  7:32  SCV  
  100  7:33  SCV  
  100  7:36  Supply Depot  
  102  7:42  Missile Turret  
  102  7:44  SCV  
  102  7:45  SCV x2  
  105  7:57  SCV  
  106  8:04  SCV x2, Marine x3  
  106  8:05  Marine x2  
  113  8:06  Siege Tank, Medivac x2  
  113  8:09  SCV  
  121  8:16  SCV  
  122  8:22  SCV x2, Marine x4  
  122  8:25  Terran Infantry Weapons Level 2  
  128  8:29  Supply Depot  
  128  8:34  Supply Depot, SCV  
  128  8:35  SCV x2  
  128  8:39  Command Center, Marine  
  128  8:40  Marine x2  
  134  8:47  Viking x2  
  138  8:49  Siege Tank  
  138  8:50  SCV x2  
  143  9:01  Supply Depot  
  141  9:17  Supply Depot  
  141  9:26  Viking x2  
  126  10:27  Marine  
  126  10:28  Marine x4  
  130  10:29  Viking x2  
  130  10:30  Siege Tank  
  138  10:36  Barracks x3  
  138  10:37  Barracks  
  138  10:38  Refinery, Barracks  
  138  10:39  Refinery, Barracks  
  106  11:05  Marine x4  
  106  11:06  Marauder  
  102  11:23  Marine x2  
  104  11:27  Marauder  
  104  11:32  SCV x3, Marine x2  
  99  11:35  Siege Tank, Medivac x2  
  99  11:38  Barracks Reactor x3, Barracks Tech Lab x2  
  108  11:45  SCV  
  108  11:46  SCV x2, Orbital Command  
  111  11:48  Marauder  
  113  12:01  Marine x2  
  113  12:02  Marauder x2, Marine x2  
  113  12:05  SCV  
  122  12:10  Marauder  
  122  12:15  Marine x6  
  128  12:17  Siege Tank  
  128  12:18  Medivac x2  
  128  12:19  Marine x3  
  128  12:20  Barracks Reactor  
  128  12:22  SCV x2  
  142  12:23  SCV x2, Marauder  
  142  12:24  Marauder  
  148  12:31  Marauder  
  148  12:34  SCV  
  148  12:36  Marine x7  
  158  12:37  Command Center  
  158  12:38  Terran Infantry Armor Level 2  
  158  12:40  SCV  
  158  12:41  SCV x2  
  158  12:43  Marine x3  
  164  12:44  Marine  
  164  12:45  Marauder  
  167  12:53  Marine, Marauder  
  167  12:54  Marine  
  167  12:55  Marine x5  
  167  12:56  SCV, Marine x2  
  167  12:57  SCV  
  167  12:58  Supply Depot  
  180  12:59  Supply Depot  
  180  13:00  Supply Depot  
  180  13:01  Marine  
  180  13:04  Marine x3  
  184  13:06  Marine  
  185  13:19  Marine x2  
  186  13:20  Marauder, Marine x7  
  186  13:21  Marine  
  186  13:22  Marine x2  
  186  13:23  Marine  
  200  13:51  Refinery  
  200  13:57  Refinery  
  200  14:01  Refinery, Missile Turret x2  
  200  14:02  Marine x6  
  184  14:03  Marine x7  
  184  14:04  Marine  
  184  14:05  Marine  
  184  14:07  Refinery  
  195  14:11  Siege Tank, Medivac  
  195  14:16  Planetary Fortress  
  200  14:20  Missile Turret  
  200  14:23  Missile Turret  
  200  14:35  Command Center  
Tags
 
Composition
MMM Bio
League
Gold
Matchup
TvT
Race
Terran
Add a new tag
Caveats
  • Supply blocks, unpowered buildings, or Contaminate may cause inaccurate times.
  • Supply counts are checked every 10 seconds.